 Dungeon Crawl Stone Soup version 0.31.0-11-ge490571c62 (webtiles) character file.

Game seed: 13704859294149710816

238 qw the Skirmisher (level 5, -7/30 HPs)
             Began as a Deep Elf Hunter on Feb 4, 2024.
             Was an Initiate of Okawaru.
             Killed by divine providence
             ... invoked by an orc priest
              (14 damage)
             ... on level 4 of the Dungeon.
             The game lasted 00:01:33 (2081 turns).

qw the Skirmisher (Deep Elf Hunter)                 Turns: 2081, Time: 00:01:34

Health: -7/30      AC:  7    Str: 10    XL:     5   Next: 78%
Magic:  7/7        EV: 11    Int: 14    God:    Okawaru [......]
Gold:   242        SH:  0    Dex: 18    Spells: 4/4 levels left

rFire   . . .        a - +0 shortbow
rCold   . . .        (shield currently unavailable)
rNeg    . . .        h - +0 ring mail
rPois   .            m - +0 helmet
rElec   .            c - +0 cloak
rCorr   .            (no gloves)
SInv    .            (no boots)
Will    .....        (no amulet)
Stlth   +            (no ring)
HPRegen 0.25/turn    (no ring)
MPRegen 0.10/turn

%: no passive effects
@: no status effects
A: no striking features
a: Renounce Religion


You were on level 4 of the Dungeon.
You worshipped Okawaru.
Okawaru was noncommittal.
You visited 1 branch of the dungeon, and saw 4 of its levels.

You collected 242 gold pieces.


   Skills:
 - Level 2.0 Fighting
 - Level 9.1 Ranged Weapons
 + Level 0.1 Armour
 - Level 2.4 Dodging
 - Level 1.2 Stealth


You had 4 spell levels left.
You didn't know any spells.
Your spell library was empty.

Inventory:

Hand Weapons
 a - a +0 shortbow (weapon)
Armour
 c - a +0 cloak (worn)
 h - a +0 ring mail (worn)
 m - a +0 helmet (worn)
Wands
 k - a wand of flame (24)
Scrolls
 l - a scroll of fog {unknown}
Potions
 b - a potion of curing
 d - a potion of enlightenment
 e - a potion of heal wounds {unknown}
 f - a potion of cancellation
 g - a potion of mutation
 i - a potion of invisibility {unknown}
 j - a potion of resistance {unknown}

Dungeon Overview and Level Annotations

Branches:
Dungeon (4/15)
 Temple: D:4-7

Altars:
Okawaru

Shops:
D:2 =


Message History

You float gracefully downwards.
Your enlightenment fades.
You now have 216 gold pieces (gained 12).
Found a stone staircase leading down.
You now have 224 gold pieces (gained 8).
You now have 242 gold pieces (gained 18).
l - a scroll labelled ZECUSAA REGIG A goblin comes into view.
It is wielding a +0 dagger.
The goblin shouts!
You hear a shout!
You shoot an arrow. The arrow closely misses the goblin.
You shoot an arrow.
The arrow hits the goblin but does no damage.
You shoot an arrow. The arrow hits the goblin!
You kill the goblin!
Okawaru accepts your kill.
Things that are here:
a +0 dagger; a goblin corpse An orc priest comes into view.
It is wielding a +0 falchion.
Found a potion of curing.
The orc priest shouts!
The orc priest mumbles some strange prayers to Beogh against you.
Pain shoots through your body!
You shoot an arrow. The arrow hits the orc priest.
The orc priest is lightly wounded.
You shoot an arrow. The arrow hits the orc priest.
The orc priest is moderately wounded.
The orc priest mumbles some strange prayers to Beogh against you.
Pain shoots through your body!
You shoot an arrow.
The arrow hits the orc priest but does no damage.
The orc priest is moderately wounded.
You shoot an arrow. The arrow hits the orc priest.
The orc priest is moderately wounded.
You shoot an arrow. The arrow barely misses the orc priest.
The orc priest closely misses you.
You shoot an arrow. The arrow hits the orc priest!
The orc priest is almost dead.
The orc priest mumbles some strange prayers to Beogh against you.
Beogh smites you!
You die...

###.# ..
....####.##
.........#
##........#
.........### #.
#.......... ...
##.o.....## #>#
#...@# ..###.#
......#.#
#.....#### .....
#)## ##.....##
##.# #..#
##.......# .!
##.######.>.......
#
#................
##............(..
#.....<.........
#..........)....


You could see an orc priest.

Vanquished Creatures
  An orc priest (D:3)
  Ijyb (D:3)
  Terence (D:3)
  A sleepcap (D:2)
  An orc wizard (D:3)
  3 adders
  A gnoll (D:1)
  2 dart slugs
  A ribbon worm (D:2)
  3 orcs (D:3)
  2 endoplasms
  3 giant cockroaches
  6 hobgoblins
  8 kobolds
  A quokka (D:3)
  7 ball pythons
  5 frilled lizards
  14 goblins
  2 rats
63 creatures vanquished.

Notes
Turn   | Place    | Note
-------+----------+-------------------------------------------
     0 | D:1      | qw the Deep Elf Hunter began the quest for the Orb.
     0 | D:1      | Reached XP level 1. HP: 12/12 MP: 3/3
     0 | D:1      | 0 ||| qw: Version: 0.3-a-160-g6735b56
     0 | D:1      | 0 ||| qw: Game counter: 5915
     0 | D:1      | 0 ||| qw: Melee chars always use a shield: true
     0 | D:1      | 0 ||| qw: God list: Okawaru
     0 | D:1      | 0 ||| qw: Allow faded altars: false
     0 | D:1      | 0 ||| qw: Do Orc after clearing Dungeon:15 true
     0 | D:1      | 0 ||| qw: Do second Lair branch before Depths: true
     0 | D:1      | 0 ||| qw: Lair rune preference: random
     0 | D:1      | 0 ||| qw: Goals: Normal
     0 | D:1      | 0 ||| PLANNING D:1-11
   169 | D:1      | Reached XP level 2. HP: 16/16 MP: 4/4
   177 | D:1      | Reached skill level 6 in Ranged Weapons
   345 | D:1      | Found a faded altar of an unknown god.
   390 | D:1      | Reached XP level 3. HP: 20/20 MP: 5/5
   510 | D:1      | 510 ||| UPGRADING to +0 ring mail.
   520 | D:1      | 520 ||| DROPPING +0 leather armour.
   521 | D:1      | 521 ||| READING 5 scrolls labelled VATHRU DADIU.
   521 | D:1      | 521 ||| IDENTIFYING sedimented blue potion
   522 | D:1      | 522 ||| READING 4 scrolls of identify.
   522 | D:1      | 522 ||| IDENTIFYING red potion
   523 | D:1      | 523 ||| READING 3 scrolls of identify.
   523 | D:1      | 523 ||| IDENTIFYING glowing green potion
   524 | D:1      | 524 ||| DROPPING scroll of butterflies.
   525 | D:1      | 525 ||| DROPPING potion of degeneration.
   567 | D:2      | Found Cegad's Jewellery Shop.
   585 | D:2      | 585 ||| SHOPLISTING +4 ring of protection (432 gold, have
                  | 65).
   585 | D:2      | 585 ||| SHOPLISTING amulet of regeneration (360 gold, have
                  | 65).
   585 | D:2      | 585 ||| SHOPLISTING amulet of the acrobat (360 gold, have
                  | 65).
   585 | D:2      | 585 ||| SHOPLISTING ring of protection from cold (300 gold,
                  | have 65).
   585 | D:2      | 585 ||| SHOPLISTING ring of see invisible (180 gold, have
                  | 65).
   585 | D:2      | 585 ||| SHOPLISTING ring of willpower (300 gold, have 65).
   600 | D:2      | HP: 3/20 [sleepcap (6)]
   603 | D:2      | Reached skill level 7 in Ranged Weapons
   774 | D:2      | Reached XP level 4. HP: 25/25 MP: 6/6
  1099 | D:2      | 1099 ||| UPGRADING to +0 cloak.
  1104 | D:2      | 1104 ||| READING 3 scrolls of identify.
  1104 | D:2      | 1104 ||| IDENTIFYING inky potion
  1105 | D:2      | 1105 ||| READING 2 scrolls of identify.
  1105 | D:2      | 1105 ||| IDENTIFYING 2 amethyst potions
  1106 | D:2      | 1106 ||| READING scroll of identify.
  1106 | D:2      | 1106 ||| IDENTIFYING scroll labelled YHUSIY EBLI
  1107 | D:2      | 1107 ||| READING scroll labelled ZEOGRU CYSE.
  1152 | D:2      | 1152 ||| READING scroll labelled XAMNULI CEKUSM.
  1153 | D:2      | 1153 ||| DROPPING scroll of fear.
  1154 | D:2      | 1154 ||| DROPPING potion of brilliance.
  1200 | D:3      | Reached skill level 8 in Ranged Weapons
  1321 | D:3      | Noticed Ijyb
  1336 | D:3      | HP: 2/25 [Ijyb/puff of flame (6)]
  1338 | D:3      | Killed Ijyb
  1339 | D:3      | Reached XP level 5. HP: 3/29 MP: 7/7
  1463 | D:3      | Found an iron altar of Okawaru.
  1464 | D:3      | 1464 ||| PLANNING OKAWARU WORSHIP
  1476 | D:3      | Became a worshipper of Warmaster Okawaru
  1477 | D:3      | 1477 ||| PLANNING D:1-11
  1486 | D:3      | 1486 ||| FLEEEEING.
  1487 | D:3      | 1487 ||| FLEEEEING.
  1488 | D:3      | 1488 ||| FLEEEEING.
  1489 | D:3      | 1489 ||| FLEEEEING.
  1490 | D:3      | 1490 ||| FLEEEEING.
  1491 | D:3      | 1491 ||| FLEEEEING.
  1492 | D:3      | 1492 ||| FLEEEEING.
  1494 | D:3      | 1494 ||| FLEEEEING.
  1495 | D:3      | 1495 ||| FLEEEEING.
  1496 | D:3      | 1496 ||| FLEEEEING.
  1497 | D:3      | 1497 ||| FLEEEEING.
  1498 | D:3      | 1498 ||| FLEEEEING.
  1499 | D:3      | 1499 ||| FLEEEEING.
  1500 | D:3      | 1500 ||| FLEEEEING.
  1501 | D:3      | 1501 ||| FLEEEEING.
  1505 | D:3      | 1505 ||| FLEEEEING.
  1506 | D:3      | 1506 ||| FLEEEEING.
  1507 | D:3      | 1507 ||| FLEEEEING.
  1508 | D:3      | 1508 ||| FLEEEEING.
  1509 | D:3      | 1509 ||| FLEEEEING.
  1510 | D:3      | 1510 ||| FLEEEEING.
  1511 | D:3      | 1511 ||| FLEEEEING.
  1512 | D:3      | 1512 ||| FLEEEEING.
  1513 | D:3      | 1513 ||| FLEEEEING.
  1514 | D:3      | 1514 ||| FLEEEEING.
  1515 | D:3      | 1515 ||| FLEEEEING.
  1516 | D:3      | 1516 ||| FLEEEEING.
  1517 | D:3      | 1517 ||| FLEEEEING.
  1518 | D:3      | 1518 ||| FLEEEEING.
  1519 | D:3      | 1519 ||| FLEEEEING.
  1520 | D:3      | 1520 ||| FLEEEEING.
  1521 | D:3      | 1521 ||| FLEEEEING.
  1522 | D:3      | 1522 ||| FLEEEEING.
  1523 | D:3      | 1523 ||| FLEEEEING.
  1524 | D:3      | 1524 ||| FLEEEEING.
  1625 | D:3      | Identified the +2 hand axe of Rennon {flame, rPois Will+
                  | rCorr Str-4}
  1690 | D:3      | 1690 ||| DRINKING 3 potions of curing.
  1690 | D:3      | 1690 ||| (to cure confusion)
  1700 | D:3      | 1700 ||| DRINKING 2 potions of curing.
  1700 | D:3      | 1700 ||| (to cure confusion)
  1704 | D:3      | Reached skill level 9 in Ranged Weapons
  1707 | D:3      | Noticed Terence
  1722 | D:3      | Killed Terence
  1985 | D:3      | 1985 ||| UPGRADING to +0 helmet.
  1990 | D:3      | 1990 ||| READING scroll labelled ERANGI KABRI.
  1991 | D:3      | 1991 ||| DRINKING 2 smoky brown potions.
  2077 | D:4      | HP: 6/30 [orc priest/nerve-wracking pain (14)]
  2081 | D:4      | Killed from afar by an orc priest

Levels and vault maps discovered:
D:1:      saegor_arrival_under_anarchy, layout_basic,
          hellmonk_ecumenical_altar_pennies_from_heaven,
          hangedman_decor_clover_reticule
D:2:      layout_basic, serial_shops, nicolae_shop_hallway_plus
D:3:      layout_rooms, okawaru_trees_1, minmay_strange_pillars,
          dk_noncrumbling_2, minmay_misc_feat_tiny, uniq_terence, uniq_ijyb
D:4:      layout_rooms, mainiacjoe_overflow_alcove_2, grunt_qazlal_sundering,
          mainiacjoe_overflow_concentric_impassable

Skill      XL: |  1  2  3  4  5 |
---------------+----------------+-----
Ranged Weapons | 6 7 8 9 |  9.1
Fighting       | 2 |  2.0
Armour         | |  0.1
Dodging        | |  2.4
Stealth        | |  1.2

Action                     |  1- 3 |  4- 6 || total
---------------------------+-------+-------++-------
   Fire: Shortbow          |    86 |   137 ||   223
    Use: Scroll            |     3 |     6 ||     9
         Potion            |       |     3 ||     3
 Armour: Leather armour    |     6 |       ||     6
         Ring mail         |     8 |    32 ||    40
  Dodge: Dodged            |    13 |    29 ||    42

Table legend:
 A = Non-vault XP
 B = Vault XP
 C = Vault XP percentage of total XP
 D = Non-vault monster count
 E = Vault monster count
 F = Vault count percentage of total count
                 A         B        C        D         E       F
            +---------+---------+-------+---------+---------+-------
      Total |     269 |      72 |  21.1 |      61 |       2 |   3.2
            +---------+---------+-------+---------+---------+-------
        D:1 |      42 |       0 |   0.0 |      17 |       0 |   0.0
        D:2 |     102 |       0 |   0.0 |      23 |       0 |   0.0
        D:3 |     121 |      72 |  37.3 |      19 |       2 |   9.5
        D:4 |       4 |       0 |   0.0 |       2 |       0 |   0.0
            +---------+---------+-------+---------+---------+-------
